 Dungeon Crawl Stone Soup version 0.22-a0-402-ga933591 (webtiles) character file.

887761 iamserjio the Sorcerer (level 27, -1/222 HPs)
             Began as a Mummy Fire Elementalist on May 5, 2018.
             Was an Initiate of Gozag.
             Hit by a large rock thrown by a stone giant (33 damage)
             ... on level 21 of a ziggurat on May 7, 2018.
             The game lasted 12:36:18 (206814 turns).

iamserjio the Sorcerer (Mummy Fire Elementalist)  Turns: 206814, Time: 12:36:18

Health: -1/222     AC: 15    Str: 15    XL:     27
Magic:  12/71      EV: 21    Int: 36    God:    Gozag
Gold:   17803      SH: 11    Dex: 17    Spells: 20/78 levels left

rFire    + . .     SeeInvis +   Z - staff of energy
rCold    + . .     Gourm    .   U - +3 buckler {rF+}
rNeg     + + +     Faith    .   e - +2 robe {Archmagi}
rPois    ∞         Spirit   .   z - +0 helmet "Wadduy" {+Fly Int+8}
rElec    +         Reflect  .   w - +2 cloak of Birdsong {rCorr}
rCorr    +         Harm     .   m - +1 pair of gloves of Yredelemnul's Approval {rElec}
MR       +++++     Clarity  +   H - +0 pair of boots of Jawnud {rElec rF+ Int+2 Stlth+}
Stlth    ++++......             a - amulet of the Four Winds {rN+ MR+++ Clar}
HPRegen  0.47/turn              N - ring of Satisfaction {MP+9 Str+3 Dex+4 SInv Stlth+}
MPRegen  0.42/turn              k - ring of magical power

@: gold aura, very slightly contaminated, studying 2 skills
A: no food or potions, fire vulnerability, cold resistance 1, negative energy
resistance 3, torment resistance, unbreathing, in touch with death 2
}: 5/15 runes: decaying, slimy, silver, golden, gossamer
a: Potion Petition, Call Merchant, Bribe Branch, Renounce Religion, Evoke Flight


You were on level 21 of a ziggurat.
You worshipped Gozag.
Gozag was extremely pleased with you.
You were not hungry.

You visited 13 branches of the dungeon, and saw 61 of its levels.
You visited 1 ziggurat, and saw 21 of its levels.
You also visited: Sewer and Wizlab.

You collected 47618 gold pieces.
You spent 9697 gold pieces at shops.
You paid 20118 gold pieces to Gozag.

Inventory:

Hand Weapons
 n - the +7 sceptre of Torment
   (You found it on level 14 of the Dungeon)
 s - the +9 war axe "Bezao" {speed, rPois rF+ Stlth+}
   (You found it on level 2 of the Vaults)

   Attacks with this weapon are significantly faster.
   It protects you from fire.
   It protects you from poison.
   It makes you more stealthy.
Armour
 b - the +5 chain mail "Fuefexe" {rF++ MP+9}
   (You found it on level 5 of the Vaults)

   It greatly protects you from fire.
   It affects your magic capacity (+9).
 e - a +2 robe of the Archmagi (worn)
 m - the +1 pair of gloves of Yredelemnul's Approval (worn) {rElec}
   (You found it on level 5 of the Pits of Slime)

   It insulates you from electricity.
 r - the +1 shield of the Jabberwock {rElec rN+ Str-4}
   (You took it off a vault sentinel on level 5 of the Vaults)

   It affects your strength (-4).
   It insulates you from electricity.
   It protects you from negative energy.
 w - the +2 cloak of Birdsong (worn) {rCorr}
   (You acquired it on level 5 of the Depths)

   It protects you from acid and corrosion.
 z - the +0 helmet "Wadduy" (worn) {+Fly Int+8}
   (You bought it in a shop on level 2 of the Lair of Beasts)

   It affects your intelligence (+8).
   It lets you fly.
 H - the +0 pair of boots of Jawnud (worn) {rElec rF+ Int+2 Stlth+}
   (You found it on level 17 of a ziggurat)

   It affects your intelligence (+2).
   It protects you from fire.
   It insulates you from electricity.
   It makes you more stealthy.
 I - a +2 robe of resistance
 K - a +2 cloak of invisibility
 U - a +3 buckler of fire resistance (worn)
 W - the +4 robe of Augmentation {Str+4 Int+4 Dex+4}
   (You found it on level 13 of a ziggurat)

   It affects your strength (+4).
   It affects your intelligence (+4).
   It affects your dexterity (+4).
Magical Staves
 L - an uncursed staff of fire
 X - an uncursed staff of earth
 Z - an uncursed staff of energy (weapon)
Jewellery
 a - the amulet of the Four Winds (around neck) {rN+ MR+++ Clar}
   (You bought it in a shop on level 2 of the Vaults)

   [amulet of nothing]

   It protects you from negative energy.
   It affects your resistance to hostile enchantments.
   It protects you against confusion.
 j - the ring "Jocooc" {*Corrode rElec rF++ MR+++ Str+4}
   (You found it on level 5 of the Pits of Slime)

   [ring of strength]

   It affects your strength (+4).
   It greatly protects you from fire.
   It insulates you from electricity.
   It affects your resistance to hostile enchantments.
   It may corrode you when you take damage.
 k - a ring of magical power (right hand)
 E - an uncursed amulet of magic regeneration
 F - an uncursed ring of fire
 M - a +3 ring of dexterity
 N - the ring of Satisfaction (left hand) {MP+9 Str+3 Dex+4 SInv Stlth+}
   (You found it on level 5 of the Vaults)

   [ring of stealth]

   It affects your strength (+3).
   It affects your dexterity (+4).
   It affects your magic capacity (+9).
   It lets you see invisible.
   It makes you more stealthy.
 O - the ring "Poaxkoj" {rC+ Int+6 Stlth-}
   (You found it on level 15 of a ziggurat)

   [ring of loudness]

   It affects your intelligence (+6).
   It protects you from cold.
   It makes you less stealthy.
 Q - the ring of the Mage {Wiz MR++ Int+3}
   (You found it on level 6 of a ziggurat)

   [ring of wizardry]

   It improves your spell success rate.
   It affects your intelligence (+3).
   It affects your resistance to hostile enchantments.
Wands
 o - a wand of iceblast (40)
 p - a wand of disintegration (62)
 t - a wand of digging (59)
 x - a wand of clouds (6)
 B - a wand of scattershot (6)
 J - a wand of acid (18)
Scrolls
 f - 12 scrolls of fog
 g - 10 scrolls of immolation
 h - 32 scrolls of teleportation
 i - 11 scrolls of amnesia
 l - 32 scrolls of remove curse
 u - a scroll of fear
 C - a scroll of torment
 D - 2 scrolls of identify
 G - 2 scrolls of blinking
 S - a scroll of brand weapon
 V - 2 scrolls of summoning
 Y - 14 scrolls of vulnerability
Books
 v - a manual of Conjurations
 A - a manual of Throwing
Miscellaneous
 c - 8 boxes of beasts
 d - a lightning rod (4/4)
 q - a crystal ball of energy
 y - 5 phantom mirrors
 P - a fan of gales
 R - a phial of floods
 T - a lamp of fire


   Skills:
 - Level 19.3 Fighting
 + Level 2.4 Throwing
 - Level 15.0 Armour
 * Level 11.6 Dodging
 - Level 1.5 Stealth
 - Level 14.0 Shields
 + Level 26.1 Spellcasting
 + Level 23.1 Conjurations
 - Level 6.0 Summonings
 - Level 23.0 Fire Magic
 - Level 11.4 Earth Magic
 + Level 14.1 Evocations


You had 20 spell levels left.
You knew the following spells:

 Your Spells              Type           Power        Failure   Level  Hunger
a - Blink                 Tloc           N/A          1%          2    N/A
b - Fire Storm            Conj/Fire      ########..   3%          9    N/A
c - Aura of Abjuration    Summ           #######...   1%          5    N/A
d - Fireball              Conj/Fire      ########..   0%          5    N/A
e - Iron Shot             Conj/Erth      ########..   1%          6    N/A
f - Bolt of Magma         Conj/Fire/Erth ########..   0%          5    N/A
g - Shroud of Golubria    Chrm/Tloc      ######....   1%          2    N/A
h - Orb of Destruction    Conj           ########..   1%          7    N/A
i - Spellforged Servitor  Conj/Summ      ########..   1%          7    N/A
j - Summon Butterflies    Summ           #######.     1%          1    N/A
k - Ignition              Fire           ########..   1%          8    N/A
l - Apportation           Tloc           ######       1%          1    N/A

Dungeon Overview and Level Annotations

Branches:
Dungeon (15/15)            Temple (1/1) D:5            Lair (6/6) D:9
  Swamp (4/4) Lair:2       Spider (4/4) Lair:4        Slime (5/5) Lair:6
    Orc (2/2) D:9             Elf (3/3) Orc:2        Vaults (5/5) D:13
  Crypt (3/3) Vaults:3       Tomb (3/3) Crypt:3      Depths (5/5) D:15
    Zot (5/5) Depths:5

Altars:
Ashenzari
Cheibriados
Dithmenos
Elyvilon
Fedhas
Gozag
Hepliaklqana
Kikubaaqudgha
Makhleb
Nemelex Xobeh
Okawaru
Qazlal
Ru
Sif Muna
Trog
Uskayaw
Vehumet
Wu Jian
Xom
Yredelemnul
Zin
The Shining One

Shops:
D:4 }=   D:9 ?=   D:10 :   Orc:1 !   Orc:2 [}[([[   Elf:1 %   Elf:3 !
Lair:2 *[   Vaults:1 **[   Vaults:2 [=   Vaults:4 (   Depths:2 =}}::

Portals:
Hell: Depths:1 Depths:2 Depths:3 Depths:4 Depths:5
Abyss: Depths:1 Depths:4
Pandemonium: Depths:1 Depths:3 Depths:5
Trove: Depths:2 (give +4 ice dragon scales)

Annotations:
Elf:1 exclusion: downstairs
Elf:2 3 runed doors
Depths:3 Mennas


Innate Abilities, Weirdness & Mutations

You do not eat or drink.
Your flesh is vulnerable to fire.
You are immune to poison.
Your flesh is cold resistant. (rC+)
You are immune to negative energy. (rN+++)
You are immune to unholy pain and torment.
You can survive without breathing.
You are strongly in touch with the powers of death.


Message History

Okay, then.
Press: ? - help, v - describe, . - travel, g - get item A scroll of acquirement.
The floor.
As you read the scroll of fear, it crumbles to dust.
You assume a fearsome visage.
The stone giant easily resists.
The ettin looks frightened!
The iron giant resists with almost no effort.
The stone giant throws a large rock.
The large rock closely misses you.
The large rock hits the ettin!!!
Casting: Fire Storm (slightly dangerous; 3% risk of failure)
Confirm with . or Enter, or press ? or * to list all spells.
You feel a surge of power!
You summon a servant imbued with your destructive magic!
The iron giant casts a spell at you. The iron shot hits you!
* * * LOW HITPOINT WARNING * * *
The stone giant throws a large rock.
The large rock hits you!!
You die...
Your body crumbles into a pile of gold.

..........▓
..C.......▓▓▓▓▓▓▓▓▓▓▓
....................▓
.$..................▓
C............C......▓
#.....#..........[:}▓
##...##.........)??[▓
C...............?))∩▓
............C...@=?>▓
..C.............(")∩▓
##...##.........C8!}▓
#.....#..........?[:▓
....................▓
$.... ..............▓
..... .............▓
..... ..▓▓▓▓▓▓▓▓▓▓▓
....


You could see an iron giant, a stone giant, an ettin (fleeing) and a friendly
spellforged servitor.

Vanquished Creatures
  the Royal Jelly (Slime:5)
  Khufu (Crypt:2)
  3 orbs of fire
  Mara (Crypt:1)
  12 juggernauts
  8 ancient liches
  10 greater mummies
  Boris (Crypt:2)
  The ghost of Dargar the Conqueror, a legendary GrFi of the Shining One (Slime:5)
  Sojobo (Depths:1)
  7 Killer Klowns
  Margery (Crypt:1)
  The ghost of NormalPerson7 the Slayer, a veteran TeVM of Kikubaaqudgha (Slime:5)
  2 pandemonium lords (Zig:13)
  2 curse toes
  Saint Roka (Crypt:1)
  13 golden dragons
  Nikola (Depths:2)
  the Enchantress (Depths:5)
  A profane servitor (Crypt:3)
  Jorgrun (Swamp:2)
  4 bone dragons
  An iron giant (Zig:21)
  4 Orb Guardians (Zot:5)
  An Ice Fiend (Zig:9)
  12 liches
  Rupert (Lair:6)
  15 tentacled monstrosities
  3 electric golems
  A moon troll (WizLab)
  2 quicksilver dragons (shapeshifter) (Zig:13)
  2 deep elf blademasters (Elf:3)
  Asterion (Elf:1)
  5 titans
  4 quicksilver dragons
  5 ancient champions
  An Executioner (Zig:9)
  2 deep elf master archers (Elf:3)
  7 death cobs
  10 tentacled starspawn (WizLab)
  14 sphinxes
  An eldritch tentacle (Depths:3)
  12 tengu reavers
  A sphinx (shapeshifter) (Zig:13)
  42 acid blobs
  17 storm dragons
  A thorn hunter (Depths:4)
  A storm dragon (shapeshifter) (Zig:18)
  3 draconian monks
  9 shadow dragons
  Kirke (Lair:6)
  5 revenants
  38 azure jellies
  10 fire giants
  2 azure jellies (shapeshifter) (Zig:13)
  5 deep elf sorcerers
  A ghost moth (shapeshifter) (Depths:1)
  Aizul (Lair:4)
  9 ghost moths
  24 vault wardens
  A caustic shrike zombie (Zig:16)
  11 frost giants
  The ghost of patman the Nimble, a journeyman GnMo of Ashenzari (D:14)
  An iron dragon (Vaults:5)
  6 draconian scorchers
  10 emperor scorpions
  2 cacodemons
  7 orc warlords
  17 ironheart preservers
  2 draconian stormcallers (Depths:5)
  A draconian annihilator (Zot:2)
  8 deep elf elementalists
  A reaper (Zig:7)
  3 ghouls
  7 spriggan defenders
  4 war gargoyles
  3 curse skulls
  30 stone giants
  29 very ugly things
  5 draconian shifters
  A stone giant (shapeshifter) (Zig:13)
  2 caustic shrike skeletons (Depths:3)
  8 bennus
  An entropy weaver (shapeshifter) (Zig:13)
  15 entropy weavers
  Nessos (Lair:6)
  13 deep elf demonologists
  10 vampire knights
  8 green draconians
  6 purple draconians
  10 red draconians
  14 black draconians
  2 lorocyprocas (Zig:9)
  9 deep elf annihilators (Elf:3)
  6 yellow draconians
  4 white draconians
  13 spark wasps
  A spark wasp (shapeshifter) (Vaults:5)
  14 deep elf death magi
  4 eidola
  10 ettins
  2 green deaths
  A merfolk javelineer (Zig:14)
  A quicksilver dragon zombie (Crypt:1)
  15 mummy priests
  A crystal guardian (Vaults:5)
  7 deep elf high priests
  17 yaktaur captains
  5 death oozes
  23 fire dragons
  21 jiangshi
  6 merfolk impalers
  12 ice dragons
  26 ogre magi
  26 great orbs of eyes
  32 vault guards
  2 naga warriors (Zig:5)
  A hell beast (Depths:3)
  3 rakshasas
  3 ghost crabs (Depths:3)
  10 spriggan air magi
  13 centaur warriors
  17 hydras
  An alligator snapping turtle (Zig:14)
  A merfolk avatar (Zig:14)
  A merfolk aquamancer (Zig:14)
  3 death knights
  A satyr (shapeshifter) (Vaults:5)
  An anaconda (shapeshifter) (Zig:13)
  8 alligators
  61 two-headed ogres
  47 death scarabs
  8 deep troll shamans
  7 orc high priests
  7 shock serpents
  A tengu warrior (Depths:5)
  4 deep troll earth magi
  5 spriggan berserkers
  11 vampire magi
  A naga sharpshooter (Zig:5)
  A shock serpent (shapeshifter) (Depths:5)
  Sonja (Lair:1)
  Nergalle (Lair:1)
  16 spriggans
  A storm dragon zombie (Depths:3)
  2 wretched stars (WizLab)
  17 deep elf knights
  3 hell knights
  A fire crab (Zig:6)
  5 iron trolls
  2 sea snakes (Zig:14)
  A sea snake (shapeshifter) (Vaults:5)
  A titan skeleton (Zig:7)
  4 shadow wraiths
  2 sixfirhies (Zot:3)
  An iron troll (shapeshifter) (Vaults:5)
  4 unseen horrors
  31 skeletal warriors
  An anaconda zombie (Crypt:1)
  A spectral minotaur (Crypt:3)
  A salamander mystic (Depths:4)
  A shadow demon (Zig:9)
  11 swamp dragons
  2 orange crystal statues
  A gelid demonspawn (Depths:5)
  17 flayed ghosts
  21 phantasmal warriors
  8 glowing orange brains
  2 golden dragon skeletons
  2 torturous demonspawn
  17 deep trolls
  An iron dragon zombie (Depths:3)
  A ghost moth zombie (Crypt:2)
  A lindwurm (shapeshifter) (Zig:18)
  5 shambling mangroves
  8 wizards
  2 lindwurms
  20 deep elf archers
  18 ironbrand convokers
  18 orc knights
  2 harpies (shapeshifter)
  8 harpies
  16 oklob plants
  11 orc sorcerers
  A stone giant zombie (Crypt:3)
  6 necromancers
  7 salamanders
  15 orb spiders
  18 shining eyes
  32 wolf spiders
  A wolf spider (shapeshifter) (Depths:2)
  3 manticores
  67 deep elf magi
  6 cyclopes
  47 ugly things
  A stone giant skeleton (D:15)
  A shadow dragon skeleton (Depths:3)
  An iron dragon skeleton (Zig:16)
  A tengu skeleton (Zig:16)
  The ghost of VDreamerV the Changer, a novice OpTm of Cheibriados (D:6)
  A sphinx skeleton (Zig:16)
  5 black mambas
  29 moths of wrath
  A rust devil (Depths:5)
  3 water nymphs (Zig:14)
  A guardian serpent (Zig:5)
  A merfolk siren (Zig:14)
  5 elephants (Lair:2)
  3 naga magi
  2 apocalypse crabs (Zig:13)
  8 eyes of devastation
  An orange demon (Depths:3)
  18 vault sentinels
  A centaur zombie (D:11)
  2 ice statues (Depths:3)
  A guardian serpent (shapeshifter) (Zig:13)
  A gargoyle (D:13)
  A titan simulacrum (Zig:16)
  A storm dragon simulacrum (Vaults:2)
  A smoke demon (Zig:9)
  A swamp worm zombie (Crypt:1)
  A catoblepas zombie (Crypt:1)
  11 spiny frogs
  A yaktaur zombie (D:15)
  10 torpor snails
  A komodo dragon (shapeshifter) (Depths:3)
  78 yaktaurs
  2 rime drakes (shapeshifter)
  7 komodo dragons
  18 demonic crawlers
  5 rime drakes
  4 tormentors
  A yaktaur (shapeshifter) (Vaults:2)
  3 ice devils
  An efreet (Zig:6)
  2 spriggan skeletons
  13 freezing wraiths
  2 elf skeletons
  A red draconian skeleton (Crypt:1)
  2 tengu conjurers (Depths:5)
  25 guardian mummies
  20 merfolk (Zig:14)
  14 tyrant leeches
  A wind drake (Zig:14)
  2 polar bears (Lair:6)
  A merfolk (shapeshifter) (Vaults:2)
  A meliai (shapeshifter) (Vaults:5)
  47 jumping spiders
  A queen bee (Lair:1)
  12 trolls
  Grinder (D:5)
  A fire dragon zombie (Crypt:1)
  44 hornets
  160 slime creatures
  12 blink frogs
  14 bog bodies
  5 raiju
  2 sphinx simulacra
  A deep troll zombie (D:15)
  A moth of wrath zombie (Crypt:2)
  An iron dragon simulacrum (Zig:16)
  2 large abominations
  A meliai zombie (D:15)
  An ettin zombie (Crypt:1)
  7 hippogriffs
  3 snapping turtles (Zig:14)
  54 flying skulls
  56 tarantellas
  4 air elementals
  5 starcursed masses (WizLab)
  2 fire dragon skeletons
  19 water elementals
  A centaur simulacrum (D:15)
  A redback (shapeshifter) (Vaults:3)
  103 redbacks
  4 shadows
  8 ushabtiu
  23 humans
  5 wyverns
  64 yaks
  2 ynoxinuls (Depths:5)
  4 small abominations
  4 hungry ghosts
  A spectral elf (Crypt:3)
  3 fire elementals
  5 steam dragons (Lair:6)
  2 basilisks (shapeshifter)
  A hog (Lair:6)
  14 golden eyes
  A golden eye (shapeshifter) (Vaults:2)
  6 wraiths
  2 chaos spawn (Depths:3)
  5 fire bats
  A steam dragon (shapeshifter) (Vaults:5)
  15 vampire mosquitoes
  A neqoxec (WizLab)
  A spriggan simulacrum (Depths:1)
  A basilisk (Lair:6)
  A naga (shapeshifter) (Vaults:1)
  7 wargs
  2 spatial vortices (Depths:3)
  13 insubstantial wisps
  16 swamp worms
  3 acid dragons
  A human zombie (D:15)
  3 soldier ants
  3 nagas (Zig:5)
  A soldier ant (shapeshifter) (Depths:2)
  3 floating eyes
  A hell hound (Zig:6)
  11 water moccasins
  A torturous demonspawn skeleton (Crypt:2)
  A hydra simulacrum (Depths:3)
  6 porcupines
  A merfolk skeleton (Crypt:2)
  A monstrous demonspawn skeleton (Crypt:2)
  63 orc warriors
  A spiny frog skeleton (Crypt:3)
  2 fire dragon simulacra (Depths:3)
  2 ice beasts
  6 sky beasts
  5 necrophages
  15 swamp drakes
  3 black bears
  10 eyes of draining
  54 ogres
  A phantom (D:14)
  9 boggarts
  A black mamba simulacrum (Depths:3)
  33 centaurs
  A rime drake zombie (Crypt:1)
  17 crocodiles
  2 big kobolds
  12 bullfrogs
  2 tengu simulacra
  A glowing shapeshifter simulacrum (Depths:3)
  4 earth elementals
  2 yaktaur skeletons (Depths:1)
  A human simulacrum (Depths:3)
  A water moccasin skeleton (Crypt:2)
  24 killer bees (Lair:1)
  A hornet simulacrum (Vaults:1)
  5 scorpions
  A warg skeleton (Crypt:1)
  5 howler monkeys
  2 electric eels (Spider:1)
  3 crimson imps
  A quasit (Depths:5)
  A bullfrog zombie (D:8)
  5 hounds
  2 iron imps (Depths:5)
  3 jellies
  A gnoll shaman (Zig:20)
  11 orc priests
  4 centaur skeletons
  16 orc wizards
  5 iguanas
  12 worker ants
  10 lightning spires
  2 troll simulacra (Depths:3)
  A deep dwarf skeleton (Crypt:2)
  2 hound zombies
  41 mummies
  7 adders
  2 naga simulacra (Depths:3)
  A river rat (D:5)
  7 shadow imps
  3 white imps
  2 oozes
  3 adder skeletons
  5 worms
  A ball lightning (Zot:3)
  2 dart slugs (D:2)
  8 leopard geckos
  88 orcs
  3 ball pythons
  A bat zombie (Crypt:2)
  10 giant cockroaches
  8 goblins
  7 hobgoblins
  8 jackals
  5 quokkas
  7 bats
  4 frilled lizards
  17 kobolds
  A leopard gecko skeleton (D:3)
  2 quokka skeletons
  20 rats
  22 bushes (Depths:3)
  A demonic plant (WizLab)
  2 fungi
  2 macabre masses (Depths:3)
  19 plants
  14 starspawn tentacles (WizLab)
3370 creatures vanquished.

Vanquished Creatures (collateral kills)
  Dissolution (Slime:2)
  An orb of fire (Zot:1)
  Mennas (Depths:3)
  2 juggernauts
  2 greater mummies (Tomb:3)
  A pandemonium lord (Zig:9)
  3 golden dragons
  Jory (Crypt:1)
  2 bone dragons
  2 electric golems
  4 tentacled monstrosities
  An iron giant (Zig:21)
  2 quicksilver dragons (Zot:3)
  A tentacled starspawn (WizLab)
  A death cob (Zot:4)
  4 sphinxes (Tomb:1)
  3 ancient champions
  A shadow dragon (Zot:5)
  3 storm dragons
  3 tengu reavers
  A draconian monk (Zot:3)
  A revenant (Zig:15)
  3 fire giants (Depths:2)
  A cacodemon (Tomb:2)
  2 vault wardens
  A deep elf sorcerer (Vaults:4)
  3 draconian shifters
  2 emperor scorpions
  A ghoul (Zig:15)
  An ironheart preserver (Vaults:3)
  7 very ugly things
  A draconian annihilator (Zot:3)
  7 bennus
  A red draconian (Zot:4)
  2 yellow draconians
  5 black draconians
  3 spark wasps (Depths:4)
  A mummy priest (Tomb:3)
  4 white draconians
  2 jiangshi
  A yaktaur captain (Vaults:5)
  2 fire dragons
  2 ogre magi
  A great orb of eyes (WizLab)
  2 vault guards (Vaults:4)
  An ice dragon (Depths:5)
  4 two-headed ogres
  14 death scarabs
  A dancing weapon (Elf:1)
  A titan zombie (Zig:16)
  A vampire mage (Crypt:2)
  A spriggan berserker (Depths:4)
  An orc high priest (Zig:20)
  A spriggan (Depths:5)
  A deep elf knight (Vaults:3)
  A soul eater (Crypt:1)
  A hell knight (Vaults:3)
  A skeletal warrior (Tomb:3)
  2 storm dragon skeletons
  An iron troll (Zig:11)
  A glowing orange brain (WizLab)
  A tengu zombie (Vaults:3)
  A phantasmal warrior (Zig:15)
  An ironbrand convoker (Vaults:2)
  An orc knight (Vaults:1)
  A deep elf mage (Zig:18)
  2 necromancers
  An iron dragon zombie (Zig:16)
  14 ugly things
  A human skeleton (Vaults:3)
  A fire giant zombie (Vaults:3)
  2 vault sentinels (Vaults:2)
  5 moths of wrath
  A torpor snail (Zig:19)
  4 yaktaurs
  2 demonic crawlers (Spider:4)
  A freezing wraith (Vaults:3)
  5 guardian mummies
  A troll (Vaults:3)
  A yaktaur skeleton (Vaults:3)
  A jumping spider (Zig:19)
  3 hornets
  3 slime creatures
  3 blink frogs (Depths:3)
  An ettin skeleton (Depths:1)
  A ynoxinul (Zig:9)
  A tarantella (Spider:4)
  A warg (Zig:20)
  A porcupine (D:9)
  2 orc warriors
  An ogre (Zig:20)
  A crocodile (D:8)
  An orc wizard (Vaults:3)
  A shapeshifter simulacrum (Depths:1)
  An ogre skeleton (Tomb:3)
  6 mummies
  2 orcs (Vaults:1)
  A fire vortex (Zig:20)
206 creatures vanquished.

Vanquished Creatures (others)
  3 greater mummies
  3 liches
  An ancient champion (Tomb:3)
  2 revenants (Tomb:3)
  2 fire giants
  A draconian shifter (Zot:3)
  A bennu (Tomb:3)
  3 mummy priests (Tomb:3)
  11 dancing weapons
  2 death scarabs (Tomb:3)
  A shock serpent (Zot:3)
  A skeletal warrior (Tomb:3)
  An orc knight (Vaults:3)
  A shock serpent zombie (Tomb:2)
  4 guardian mummies
  A tyrant leech (Swamp:3)
  5 ushabtiu (Tomb:2)
  A redback (Spider:4)
  3 humans (Lair:6)
  A tengu zombie (Tomb:1)
  15 mummies
  An ufetubus (Depths:5)
  4 ball lightnings (Zot:3)
  7 bushes
  2 demonic plants (WizLab)
  217 fire vortices
  4 fungi
  34 plants
  4 starspawn tentacles (WizLab)
336 creatures vanquished.

Grand Total: 3912 creatures vanquished

Notes
Turn   | Place    | Note
-------+----------+-------------------------------------------
     0 | D:1      | iamserjio the Mummy Fire Elementalist began the quest for the Orb.
     0 | D:1      | Reached XP level 1. HP: 13/13 MP: 4/4
    55 | D:1      | Reached skill level 1 in Conjurations
   152 | D:1      | Reached skill level 3 in Spellcasting
   313 | D:1      | Reached XP level 2. HP: 19/19 MP: 1/6
  1242 | D:2      | Reached XP level 3. HP: 13/24 MP: 4/7
  1381 | D:2      | Learned a level 3 spell: Conjure Flame
  3032 | D:3      | Noticed a necrophage
  3197 | D:3      | Reached XP level 4. HP: 30/30 MP: 3/9
  3273 | D:3      | Reached skill level 4 in Spellcasting
  3665 | D:3      | Reached XP level 5. HP: 31/35 MP: 5/11
  4142 | D:3      | Learned a level 4 spell: Sticky Flame
  4411 | D:3      | Noticed a centaur
  4446 | D:3      | Noticed an ogre
  4467 | D:3      | Killed a necrophage
  4613 | D:3      | Reached XP level 6. HP: 41/41 MP: 13/13
  4901 | D:3      | Reached skill level 5 in Spellcasting
  5879 | D:4      | Found Videu's Jewellery Shop.
  5998 | D:4      | Reached XP level 7. HP: 46/46 MP: 14/14
  6196 | D:4      | Found Kaodum's Gadget Emporium.
  6530 | D:5      | Entered Level 5 of the Dungeon
  6589 | D:5      | Found a glowing drain.
  6688 | Sewer    | Entered a sewer
  7050 | Sewer    | Found a glowing silver altar of Zin.
  7122 | D:5      | Found a staircase to the Ecumenical Temple.
  7130 | Temple   | Entered the Ecumenical Temple
  7153 | Temple   | Became a worshipper of Gozag Ym Sagoz the Greedy
  7400 | D:5      | Reached skill level 5 in Fire Magic
  7799 | D:5      | Reached skill level 6 in Spellcasting
  7907 | D:5      | Reached XP level 8. HP: 35/52 MP: 17/17
  8258 | D:5      | Noticed Grinder
  8274 | D:5      | Killed Grinder
  8274 | D:5      | Reached skill level 5 in Conjurations
  8483 | D:4      | Bought an uncursed ring of protection from fire for 250 gold pieces
  8551 | D:6      | Learned a level 5 spell: Fireball
  8902 | D:6      | Noticed VDreamerV's ghost (novice OpTm)
  8917 | D:6      | Killed VDreamerV's ghost
  8917 | D:6      | Reached skill level 7 in Spellcasting
  9269 | D:6      | Reached XP level 9. HP: 57/57 MP: 19/19
  9412 | D:6      | Found a white marble altar of Elyvilon.
 11707 | D:9      | Reached skill level 8 in Spellcasting
 12139 | D:9      | Reached XP level 10. HP: 62/63 MP: 2/22
 12544 | D:9      | Found a staircase to the Lair.
 12616 | D:9      | Found a staircase to the Orcish Mines.
 13258 | D:10     | Entered Level 10 of the Dungeon
 13273 | D:10     | Reached skill level 9 in Spellcasting
 13286 | D:10     | Noticed a two-headed ogre
 13687 | D:10     | Reached skill level 1 in Fighting
 13689 | D:10     | Noticed a two-headed ogre
 14445 | D:10     | Found Xoyrasylu's Book Shop.
 15008 | D:10     | Killed a two-headed ogre
 15423 | D:10     | Reached skill level 10 in Spellcasting
 15478 | D:10     | Noticed a two-headed ogre
 15694 | D:9      | Killed a two-headed ogre
 15694 | D:9      | Reached XP level 11. HP: 76/76 MP: 13/25
 17489 | D:11     | Got a brightly glowing hand axe
 17543 | D:11     | Found the +8 longbow "Zephyr" {speed, Dex+3 SInv}
 17546 | D:11     | Killed a two-headed ogre
 18154 | D:11     | Noticed a white ugly thing
 18160 | D:11     | Killed a white ugly thing
 18160 | D:11     | Reached skill level 5 in Fighting
 18326 | D:12     | Noticed an unseen horror
 18331 | D:12     | Killed an unseen horror
 18501 | D:12     | Noticed a red ugly thing
 18646 | D:10     | Bought a book of Power for 720 gold pieces
 18653 | D:10     | Learned a level 6 spell: Iron Shot
 18681 | Orc:1    | Entered Level 1 of the Orcish Mines
 18681 | Orc:1    | Noticed an orc sorcerer
 18684 | Orc:1    | Killed an orc sorcerer
 18684 | Orc:1    | Reached skill level 1 in Earth Magic
 18754 | Orc:1    | Reached skill level 11 in Spellcasting
 18760 | Orc:1    | Found Keyx's Distillery.
 19216 | Orc:1    | Noticed an orc warlord
 19219 | Orc:1    | Noticed an orc sorcerer
 19222 | Orc:1    | Killed an orc sorcerer
 19287 | Orc:1    | Killed an orc warlord
 20183 | Orc:1    | Identified the +10 hand axe "Paulaomm" {chop, Str+4 Dex-2 Stlth+} (You found it on level 11 of the Dungeon)
 20190 | Orc:2    | Entered Level 2 of the Orcish Mines
 20381 | Orc:2    | Reached XP level 12. HP: 69/86 MP: 25/27
 20808 | Lair:1   | Entered Level 1 of the Lair of Beasts
 20808 | Lair:1   | Noticed Sonja
 20810 | Lair:1   | Killed Sonja
 20819 | Lair:1   | Reached skill level 10 in Fire Magic
 21567 | Lair:1   | Noticed Nergalle
 21577 | Lair:1   | Killed Nergalle
 21881 | Lair:1   | Reached skill level 5 in Earth Magic
 22215 | Lair:1   | Reached skill level 12 in Spellcasting
 22463 | Lair:2   | Reached skill level 10 in Conjurations
 24044 | Lair:2   | Found a staircase to the Swamp.
 25313 | Lair:3   | Gained mutation: You are in touch with the powers of death. [Mummy growth]
 25313 | Lair:3   | Reached XP level 13. HP: 91/91 MP: 21/29
 26594 | Lair:4   | Found a hole to the Spider Nest.
 26886 | Lair:4   | Learned a level 5 spell: Bolt of Magma
 27682 | Lair:5   | Reached skill level 13 in Spellcasting
 28585 | Lair:6   | Entered Level 6 of the Lair of Beasts
 28585 | Lair:6   | Noticed Rupert
 30415 | D:13     | Found a basalt altar of Yredelemnul.
 30585 | D:13     | Reached skill level 1 in Shields
 30982 | D:13     | Noticed a fire dragon
 31387 | Orc:2    | Found a staircase to the Elven Halls.
 32078 | D:9      | Bought a scroll of identify for 32 gold pieces
 32078 | D:9      | Bought a scroll of blinking for 120 gold pieces
 32094 | D:9      | Learned a level 2 spell: Shroud of Golubria
 32095 | D:9      | Bought a scroll of identify for 32 gold pieces
 32095 | D:9      | Bought a scroll of identify for 32 gold pieces
 32096 | D:9      | Identified a scroll of acquirement
 34041 | Orc:2    | Found Amin's Antique Armour Shoppe.
 34424 | Orc:2    | Found Kaucas's Antique Armour Boutique.
 34424 | Orc:2    | Found Busair's Antique Weapon Emporium.
 34426 | Orc:2    | Found Hoaffuev's Armour Shoppe.
 34428 | Orc:2    | Found Vedyuroxt's Gadget Shop.
 34438 | Orc:2    | Bought a glowing helmet for 232 gold pieces
 34438 | Orc:2    | Bought a heavy robe for 176 gold pieces
 34438 | Orc:2    | Bought a pair of glowing boots for 232 gold pieces
 34674 | Orc:2    | Identified the +1 robe of a wizard's laboratory {rElec Regen+} (You bought it in a shop on level 2 of the Orcish Mines)
 34724 | Elf:1    | Entered Level 1 of the Elven Halls
 35018 | Elf:1    | Reached XP level 14. HP: 98/98 MP: 29/31
 35365 | Elf:1    | Reached skill level 14 in Spellcasting
 37311 | Elf:1    | Found Potutah's Food Emporium.
 37398 | Elf:1    | Noticed Asterion
 37686 | Elf:1    | Learned a level 7 spell: Orb of Destruction
 37694 | Elf:1    | Learned a level 7 spell: Spellforged Servitor
 37937 | Elf:1    | Reached skill level 1 in Summonings
 38388 | Elf:1    | Noticed an Executioner
 38389 | Elf:1    | Killed Asterion
 40087 | D:13     | Found a gate to the Vaults.
 40934 | D:14     | Noticed patman's ghost (journeyman GnMo)
 40942 | D:14     | Killed patman's ghost
 41178 | D:14     | Found a hazy altar of Hepliaklqana.
 41603 | D:14     | Found the +7 sceptre of Torment
 42427 | D:15     | Entered Level 15 of the Dungeon
 43706 | D:15     | Got a pair of heavily runed gloves
 43750 | D:15     | Upgraded the game from 0.22-a0-398-g8bb545f to 0.22-a0-402-ga933591
 43923 | D:14     | Identified the cursed +0 pair of gloves of Onyiros {*Corrode rPois Int+3} (You found it on level 15 of the Dungeon)
 44023 | D:15     | Reached XP level 15. HP: 103/108 MP: 23/33
 44638 | D:15     | Got a slimy chain mail
 44838 | D:15     | Found a staircase to the Depths.
 45007 | D:15     | Reached skill level 5 in Summonings
 45949 | D:15     | Identified the cursed +1 chain mail of Gozag's Regard {*Contam MR+ Dex+4} (You found it on level 15 of the Dungeon)
 46173 | Orc:2    | Bought a +2 buckler of fire resistance for 430 gold pieces
 47230 | Elf:1    | Reached skill level 1 in Armour
 47650 | Elf:1    | Reached skill level 15 in Spellcasting
 49656 | Elf:2    | Found a runed gate.
 49675 | Elf:2    | Found a runed gate.
 49880 | Elf:2    | Found a runed gate.
 50004 | Elf:3    | Entered Level 3 of the Elven Halls
 50004 | Elf:3    | Found Ycwucweag's Distillery.
 50050 | Elf:3    | Reached XP level 16. HP: 117/117 MP: 12/35
 50880 | Elf:3    | Learned a level 1 spell: Summon Butterflies
 51489 | Elf:3    | Noticed an Ice Fiend
 51993 | Elf:3    | Noticed a deep elf master archer
 52824 | Elf:3    | Killed a deep elf master archer
 52901 | Elf:3    | Got a slimy trident {vamp}
 52980 | Elf:3    | Noticed a deep elf blademaster
 52982 | Elf:3    | Killed a deep elf blademaster
 53197 | Elf:3    | Noticed a deep elf blademaster
 53200 | Elf:3    | Killed a deep elf blademaster
 53206 | Elf:3    | Reached skill level 5 in Armour
 53520 | Elf:3    | Got an ancient morningstar {protect}
 53864 | Elf:3    | Identified the ring of the Swan {+Fly rC+ SInv Stlth+} (You took it off a deep elf annihilator on level 3 of the Elven Halls)
 53866 | Elf:3    | Got a crude spear {speed}
 54486 | Elf:3    | Noticed a deep elf master archer
 54488 | Elf:3    | Killed a deep elf master archer
 54948 | Elf:3    | Reached skill level 16 in Spellcasting
 55307 | Elf:3    | Reached XP level 17. HP: 122/122 MP: 24/37
 55570 | Elf:3    | Got a pair of transparent gloves
 55630 | Elf:3    | Identified the +0 pair of gloves "Akaogeer" {*Slow rPois Regen+ rCorr MP-9} (You found it on level 3 of the Elven Halls)
 55772 | Elf:3    | Identified the +5 morningstar of Arrival {protect, rElec rPois MR- Int+6} (You took it off a deep elf death mage on level 3 of the Elven Halls)
 55773 | Elf:3    | Identified the +9 spear "Embalmer" {speed, *Rage Dex+8 Stlth+} (You took it off a deep elf annihilator on level 3 of the Elven Halls)
 55774 | Elf:3    | Identified the +9 trident "Otelad" {vamp, *Drain Str+2 Dex+2} (You took it off a deep elf mage on level 3 of the Elven Halls)
 55930 | Elf:3    | Got a crude dagger {flame}
 56518 | Orc:2    | Bought a wand of iceblast (10) for 196 gold pieces
 56685 | Lair:6   | Killed Rupert
 57580 | Lair:6   | Noticed Kirke
 57582 | Lair:6   | Killed Kirke
 59055 | Lair:6   | Found a staircase to the Slime Pits.
 60132 | Lair:6   | Found a runed door.
 60209 | Lair:6   | Found the +9 scales of the Dragon King {rPois rF+ rC+ MR+}
 61177 | Lair:6   | Reached skill level 15 in Conjurations
 61548 | Lair:6   | Identified the +5 dagger of Xomiosh {flame, rPois rN+ MR-} (You took it off a deep elf demonologist on level 3 of the Elven Halls)
 62192 | Lair:6   | Noticed Nessos
 62198 | Lair:6   | Killed Nessos
 62552 | Lair:6   | Learned a level 8 spell: Ignition
 62646 | Swamp:1  | Entered Level 1 of the Swamp
 67187 | Swamp:2  | Reached skill level 17 in Spellcasting
 67636 | Swamp:2  | Identified the Almanac of Augmentations
 67650 | Swamp:2  | Learned a level 1 spell: Apportation
 68309 | Swamp:2  | Noticed Jorgrun
 68314 | Swamp:2  | Killed Jorgrun
 70816 | Swamp:3  | Reached XP level 18. HP: 132/132 MP: 7/39
 72067 | Swamp:4  | Entered Level 4 of the Swamp
 75437 | Swamp:4  | Reached skill level 15 in Fire Magic
 77623 | Swamp:4  | Identified the +5 leather armour of the Spheres {rCorr Str+6 Dex+4} (You found it on level 4 of the Swamp)
 77650 | Swamp:4  | Got a decaying rune of Zot
 77843 | Lair:2   | Bought a wooden ring for 160 gold pieces
 77845 | Lair:2   | Bought the +0 helmet "Wadduy" {+Fly Int+8} for 608 gold pieces
 77946 | Slime:1  | Entered Level 1 of the Pits of Slime
 78868 | Slime:1  | Reached skill level 10 in Fighting
 84025 | Slime:3  | Noticed Dissolution
 84463 | Vaults:1 | Entered Level 1 of the Vaults
 85233 | Vaults:1 | Reached XP level 19. HP: 142/142 MP: 40/40
 87004 | Vaults:1 | Found Gozag's Assorted Antiques.
 87005 | Vaults:1 | Found Gozag's Antique Armour Shoppe.
 87117 | Vaults:1 | Found an opulent altar of Gozag.
 87121 | Vaults:1 | Bought a scroll labeled HILLEG PUNO for 100 gold pieces
 87149 | Vaults:1 | Found Gozag's Assorted Antiques.
 93417 | Vaults:2 | Identified the +9 war axe "Bezao" {speed, rPois rF+ Stlth+} (You found it on level 2 of the Vaults)
 94693 | Vaults:2 | Reached XP level 20. HP: 129/159 MP: 13/41
 95479 | Vaults:2 | Bought the amulet of the Four Winds {rN+ MR+++ Clar} for 702 gold pieces
 95479 | Vaults:2 | Found the amulet of the Four Winds {rN+ MR+++ Clar}
 95553 | Vaults:3 | Found a shadowy altar of Dithmenos.
 99235 | Vaults:3 | Noticed a bone dragon
 99248 | Vaults:3 | Killed a bone dragon
 99251 | Vaults:3 | Found a staircase to the Crypt.
 99443 | Vaults:3 | Reached skill level 18 in Spellcasting
103632 | Vaults:4 | Found Ycruasathri's Antique Weapon Emporium.
104088 | Vaults:4 | Reached XP level 21. HP: 165/165 MP: 4/43
106310 | Spider:1 | Entered Level 1 of the Spider Nest
106315 | Spider:1 | Noticed Aizul
106327 | Lair:4   | Killed Aizul
109061 | Spider:2 | Reached skill level 1 in Evocations
112793 | Spider:4 | Entered Level 4 of the Spider Nest
114675 | Spider:4 | Reached skill level 19 in Spellcasting
118135 | Spider:4 | Got a gossamer rune of Zot
118148 | Spider:4 | Got an iridescent dagger
118664 | Slime:2  | Killed Dissolution
119369 | Slime:2  | Reached XP level 22. HP: 174/174 MP: 44/45
119528 | Slime:1  | Reached skill level 15 in Fighting
121528 | Slime:4  | Reached skill level 5 in Evocations
123162 | Slime:5  | Entered Level 5 of the Pits of Slime
123464 | Slime:5  | Noticed Dargar's ghost (legendary GrFi)
123587 | Slime:5  | Noticed NormalPerson7's ghost (veteran TeVM)
123923 | Slime:5  | Killed NormalPerson7's ghost
124173 | Slime:5  | Reached skill level 20 in Spellcasting
124635 | Slime:5  | Noticed the Royal Jelly
124638 | Slime:5  | Killed the Royal Jelly
126651 | Slime:5  | Killed Dargar's ghost
126651 | Slime:5  | Reached skill level 5 in Dodging
126788 | Slime:5  | Found the +8 Wrath of Trog {antimagic, *Rage}
126833 | Slime:5  | Got a slimy rune of Zot
126943 | Slime:5  | Got a pitted golden ring
126971 | Slime:5  | Identified the ring "Jocooc" {*Corrode rElec rF++ MR+++ Str+4} (You found it on level 5 of the Pits of Slime)
126978 | Slime:5  | Got a pair of bloodstained gloves
127157 | Slime:5  | Identified the +1 pair of gloves of Yredelemnul's Approval {rElec} (You found it on level 5 of the Pits of Slime)
127160 | Slime:5  | Got a steaming scale mail
127291 | Slime:5  | Identified the +3 scale mail of the Bulwark {Str+4} (You found it on level 5 of the Pits of Slime)
128409 | Vaults:5 | Entered Level 5 of the Vaults
128412 | Vaults:5 | Reached XP level 23. HP: 182/182 MP: 37/47
131155 | Vaults:4 | Learned a level 2 spell: Blink
135950 | Vaults:5 | Identified the Grimoire of Fiery Earth
136077 | Vaults:5 | Reached skill level 21 in Spellcasting
136230 | Vaults:5 | Got a scorched lapis lazuli ring
136305 | Vaults:5 | Got a bound wooden ring
136309 | Vaults:5 | Got a silver rune of Zot
136908 | Vaults:5 | Got an ancient chain mail
136969 | Vaults:5 | Got a scintillating amber ring
136992 | Vaults:5 | Identified the ring of Satisfaction {MP+9 Str+3 Dex+4 SInv Stlth+} (You found it on level 5 of the Vaults)
136994 | Vaults:5 | Identified the ring "Wiomn" {rPois Int+4} (You took it off a yaktaur on level 5 of the Vaults)
137016 | Vaults:5 | Identified the +5 chain mail "Fuefexe" {rF++ MP+9} (You found it on level 5 of the Vaults)
137020 | Vaults:5 | Identified the cursed ring of the Cast Vote {rPois Int+2 Dex-2} (You took it off a tengu reaver on level 5 of the Vaults)
137095 | Vaults:5 | Got a smoking shield
137447 | Vaults:5 | Identified the +1 shield of the Jabberwock {rElec rN+ Str-4} (You took it off a vault sentinel on level 5 of the Vaults)
137451 | Vaults:5 | Got a coiled steel ring
137629 | Vaults:5 | Identified the ring of Xaqoowutu {Wiz rPois Str+2} (You took it off a vault warden on level 5 of the Vaults)
137956 | Depths:1 | Entered Level 1 of the Depths
138251 | Depths:1 | Reached XP level 24. HP: 183/191 MP: 8/48
139023 | Depths:1 | Found a one-way gate leading to the halls of Pandemonium.
139734 | Depths:1 | Noticed Sojobo
139747 | Depths:1 | Killed Sojobo
140459 | Depths:1 | Found a one-way gate to the infinite horrors of the Abyss.
140469 | Depths:1 | Found a gateway to Hell.
140514 | Depths:1 | Found a glowing golden altar of the Shining One.
142073 | Depths:2 | Reached skill level 10 in Dodging
144115 | Depths:1 | Reached skill level 10 in Armour
144775 | Depths:2 | Noticed Nikola
146007 | Depths:2 | Found a portal to a secret trove of treasure.
147480 | Depths:2 | Noticed a juggernaut
147489 | Depths:2 | Killed Nikola
147501 | Depths:2 | Killed a juggernaut
147501 | Depths:2 | Reached XP level 25. HP: 192/197 MP: 11/48
147969 | Depths:2 | Found Weapadan's Jewellery Shop.
147969 | Depths:2 | Found Iqony's Gadget Emporium.
147970 | Depths:2 | Found Ostrefuet's Gadget Emporium.
149018 | Depths:2 | Bought a manual of Shields for 2428 gold pieces
149322 | Depths:3 | Noticed Mennas
150593 | Depths:3 | Reached skill level 5 in Shields
152278 | Depths:3 | Killed Mennas
152278 | Depths:3 | Reached skill level 10 in Earth Magic
152636 | Depths:3 | Identified the Catalogue of Stolen Souls
152885 | Depths:3 | Got an ichor-stained spear {venom}
153560 | Depths:3 | Got a crude scale mail
154023 | Depths:3 | Identified the Guide on Weightlessness
154444 | Depths:3 | Identified the Grimoire of Cold
154890 | Depths:3 | Identified the Incunabulum of Displacement
155414 | Depths:3 | Identified Sif Muna's Disquisition on Execration
155672 | Depths:3 | Identified the +1 scale mail of Lethargy {rCorr} (You found it on level 3 of the Depths)
155924 | Depths:4 | Found a magical portal.
155929 | WizLab   | Entered Lehudib's Moon Base
158239 | WizLab   | Gained mutation: You are strongly in touch with the powers of death. [Mummy growth]
158239 | WizLab   | Reached XP level 26. HP: 208/208 MP: 48/48
159700 | WizLab   | Found a transporter.
160084 | WizLab   | Identified Lehudib's Incunabulum of Quantum Earth
160108 | WizLab   | Found a transporter.
162019 | Depths:4 | Got a faintly humming ring mail
162239 | Depths:4 | Identified the +1 ring mail of Brilliance {Dex+2} (You found it on level 4 of the Depths)
162589 | Depths:5 | Entered Level 5 of the Depths
163634 | Depths:5 | Noticed the Enchantress
163635 | Depths:5 | Killed the Enchantress
164633 | Depths:5 | Found a gateway to a ziggurat.
164675 | Depths:5 | Found a gate to the Realm of Zot.
165997 | Zot:1    | Entered Level 1 of the Realm of Zot
166247 | Zot:1    | Reached skill level 10 in Shields
167022 | Zot:1    | Noticed an orb of fire
167027 | Zot:1    | Killed an orb of fire
167841 | Depths:2 | Bought a book of Annihilations for 1987 gold pieces
167851 | Depths:2 | Learned a level 9 spell: Fire Storm
168266 | Crypt:1  | Entered Level 1 of the Crypt
168271 | Crypt:1  | Noticed Margery
168274 | Crypt:1  | Killed Margery
169502 | Crypt:1  | Reached XP level 27. HP: 217/217 MP: 18/48
169525 | Crypt:1  | Noticed Saint Roka
170090 | Crypt:1  | Killed Saint Roka
170761 | Crypt:1  | Noticed Mara
170767 | Crypt:1  | Killed Mara
171383 | Crypt:2  | Noticed Khufu
171391 | Crypt:2  | Killed Khufu
171594 | Crypt:2  | Noticed Jory
171611 | Crypt:1  | Killed Jory
171772 | Crypt:2  | Noticed Boris
172304 | Crypt:2  | Killed Boris
174063 | Crypt:3  | Entered Level 3 of the Crypt
175153 | Crypt:3  | Found an ancient bone altar of Kikubaaqudgha.
175156 | Crypt:3  | Noticed an ancient lich
176520 | Crypt:3  | Got a wavering bone amulet
176520 | Crypt:3  | Got a wavering iron ring
176596 | Crypt:3  | Identified the ring "Erghegug" {rN+ MR++ Str+2 SInv} (You found it on level 3 of the Crypt)
176597 | Crypt:3  | Identified the amulet of Falitauf {rF- rN+ Regen+ Int+2} (You found it on level 3 of the Crypt)
176947 | Crypt:3  | Noticed an ancient lich
176957 | Crypt:3  | Killed an ancient lich
177619 | Crypt:3  | Found a staircase to the Tomb.
177681 | Tomb:1   | Entered Level 1 of the Tomb of the Ancients
179162 | Tomb:1   | Noticed a greater mummy
179167 | Tomb:1   | Killed a greater mummy
179413 | Tomb:1   | Noticed a greater mummy
179743 | Tomb:1   | Killed a greater mummy
180058 | Tomb:1   | Noticed a greater mummy
180066 | Tomb:1   | Killed a greater mummy
181549 | Depths:2 | Bought a book of Summonings for 1260 gold pieces
181555 | Depths:2 | Learned a level 5 spell: Aura of Abjuration
181759 | Depths:5 | Got faerie dragon scales
181846 | Depths:5 | Identified the +2 faerie dragon scales {rCorr Dex+6 Stlth-} (You took it off the Enchantress on level 5 of the Depths)
182183 | Depths:5 | Got a spiked cloak
182184 | Depths:5 | Identified the +2 cloak of Birdsong {rCorr} (You acquired it on level 5 of the Depths)
182995 | Zot:2    | Reached skill level 22 in Spellcasting
184752 | Zot:2    | Noticed an orb of fire
184766 | Zot:2    | Killed an orb of fire
192361 | Zot:4    | Reached skill level 23 in Spellcasting
194035 | Zot:5    | Entered Level 5 of the Realm of Zot
194422 | Zot:5    | Noticed an ancient lich
194426 | Zot:5    | Killed an ancient lich
194899 | Zot:5    | Noticed an orb of fire
194901 | Zot:5    | Noticed an ancient lich
195124 | Zot:5    | Killed an ancient lich
195535 | Zot:5    | Killed an orb of fire
195787 | Zot:5    | Noticed an ancient lich
195790 | Zot:5    | Killed an ancient lich
195809 | Zot:5    | Noticed an ancient lich
195811 | Zot:5    | Killed an ancient lich
198749 | Tomb:2   | Noticed a greater mummy
198750 | Tomb:2   | Noticed a greater mummy
198752 | Tomb:2   | Noticed a greater mummy
198753 | Tomb:2   | Noticed a greater mummy
198757 | Tomb:2   | Killed a greater mummy
199130 | Tomb:2   | Killed a greater mummy
199447 | Tomb:1   | Noticed a greater mummy
199448 | Tomb:1   | Killed a greater mummy
199448 | Tomb:1   | Reached skill level 24 in Spellcasting
199511 | Tomb:1   | Noticed a greater mummy
200017 | Tomb:3   | Entered Level 3 of the Tomb of the Ancients
200035 | Tomb:3   | Noticed a greater mummy
200042 | Tomb:3   | Found the +3 sling "Punk" {acid, rCorr}
200053 | Tomb:3   | Identified Osamamn's Reference Book on Hexes and Fire
200057 | Tomb:3   | Killed a greater mummy
200092 | Tomb:3   | Killed a greater mummy
200094 | Tomb:3   | Noticed a greater mummy
200099 | Tomb:3   | Killed a greater mummy
200138 | Tomb:3   | Noticed a greater mummy
200170 | Tomb:3   | Noticed a greater mummy
200300 | Tomb:3   | Noticed a greater mummy
200307 | Tomb:3   | Killed a greater mummy
200318 | Tomb:3   | Noticed a greater mummy
200320 | Tomb:3   | Killed a greater mummy
200328 | Tomb:3   | Killed a greater mummy
200390 | Tomb:3   | Got a scintillating brass ring
200422 | Tomb:3   | Identified the ring of Eweiru {Wiz MR++ Str-4} (You found it on level 3 of the Tomb of the Ancients)
200423 | Tomb:3   | Identified the ring "Cucw" {rCorr Int+3} (You found it on level 3 of the Tomb of the Ancients)
200613 | Tomb:3   | Identified the ring of Symmetry {*Slow rPois rC+ rN+ Slay+3} (You found it on level 3 of the Tomb of the Ancients)
200637 | Tomb:3   | Identified the +0 chain mail "Posugaf" {Str+4} (You found it on level 3 of the Tomb of the Ancients)
200648 | Tomb:3   | Got a heavily runed ring mail
200650 | Tomb:3   | Got a scintillating copper ring
200705 | Tomb:3   | Identified the +5 ring mail of Impermeability {Dex+7} (You found it on level 3 of the Tomb of the Ancients)
200706 | Tomb:3   | Identified the cursed ring of Sin {-Tele AC-5 Str+7 Int+4} (You found it on level 3 of the Tomb of the Ancients)
200710 | Tomb:3   | Got a shimmering emerald amulet
200716 | Tomb:3   | Identified the amulet "Poxe Inn" {+Rage Str+2} (You found it on level 3 of the Tomb of the Ancients)
200850 | Tomb:3   | Got a golden rune of Zot
200934 | Tomb:3   | Identified the cursed +1 flail of the Traitor {crush, rElec rN+ Int-3 Dex+6} (You found it on level 3 of the Tomb of the Ancients)
200940 | Tomb:3   | Got a bound golden ring
201584 | Tomb:2   | Killed a greater mummy
202388 | Depths:5 | Identified the cursed ring "Tesup" {+Fly EV-2 Int+2 Dex+4} (You found it on level 3 of the Tomb of the Ancients)
202477 | Zig:1    | Entered Level 1 of a ziggurat
202510 | Zig:2    | Entered Level 2 of a ziggurat
202533 | Zig:3    | Entered Level 3 of a ziggurat
202574 | Zig:4    | Entered Level 4 of a ziggurat
202634 | Zig:5    | Entered Level 5 of a ziggurat
202774 | Zig:6    | Entered Level 6 of a ziggurat
202778 | Zig:6    | Found the ring of the Mage {Wiz MR++ Int+3}
202778 | Zig:6    | Noticed an orb of fire
202784 | Zig:6    | Killed an orb of fire
203055 | Zig:7    | Entered Level 7 of a ziggurat
203150 | Zig:8    | Entered Level 8 of a ziggurat
203161 | Zig:8    | Found the +6 lightning scales {run, rElec}
203244 | Zig:8    | Identified the Reference Book on Snow and the Mountains
203275 | Zig:8    | Identified the +1 pair of gloves of the Vaults {*Slow rPois rC+ rCorr} (You acquired it on level 8 of a ziggurat)
203379 | Zig:9    | Entered Level 9 of a ziggurat
203394 | Zig:9    | Noticed Icso the pandemonium lord
203399 | Zig:9    | Killed Icso the pandemonium lord
203733 | Zig:9    | Identified the Handbook of Augmentations and Fire
203802 | Zig:10   | Entered Level 10 of a ziggurat
203895 | Zig:10   | Identified the cursed ring "Kiylitzo" {Str-2 Dex+5} (You found it on level 10 of a ziggurat)
203905 | Zig:11   | Entered Level 11 of a ziggurat
204032 | Zig:11   | Noticed a juggernaut
204032 | Zig:11   | Noticed a juggernaut
204034 | Zig:11   | Noticed a juggernaut
204034 | Zig:11   | Killed a juggernaut
204035 | Zig:11   | Killed a juggernaut
204035 | Zig:11   | Reached skill level 10 in Evocations
204036 | Zig:11   | Killed a juggernaut
204329 | Zig:11   | Identified the Papyrus of Flamy Moulding
204374 | Zig:12   | Entered Level 12 of a ziggurat
204422 | Zig:12   | Found the ring of Robustness {AC+8}
204505 | Zig:13   | Entered Level 13 of a ziggurat
204517 | Zig:13   | Noticed Juplopu the pandemonium lord
204519 | Zig:13   | Noticed Icaakh Jope the pandemonium lord
204524 | Zig:13   | Killed Icaakh Jope the pandemonium lord
204525 | Zig:13   | Killed Juplopu the pandemonium lord
204551 | Zig:13   | Found the +4 robe of Augmentation {Str+4 Int+4 Dex+4}
204602 | Zig:13   | Identified the Guide on Shifting Envenoming
204612 | Zig:13   | Got an ancient tin ring
204623 | Zig:13   | Identified the ring of Nemelex Xobeh's Whim {rPois rF- MR+ EV+3 SInv} (You found it on level 13 of a ziggurat)
204624 | Zig:13   | Identified the +2 helmet of the Midnight Sun {MR+} (You found it on level 13 of a ziggurat)
204782 | Zig:14   | Entered Level 14 of a ziggurat
204817 | Zig:14   | Identified the Collected Works on Creative Weightlessness
204909 | Zig:14   | Identified the ring of Virtue {rPois rF++ Int-3 SInv Stlth+} (You acquired it on level 14 of a ziggurat)
204928 | Zig:15   | Entered Level 15 of a ziggurat
204961 | Zig:15   | Reached skill level 25 in Spellcasting
204970 | Zig:15   | Noticed an ancient lich
204985 | Zig:15   | Killed an ancient lich
204998 | Zig:15   | Noticed an ancient lich
205008 | Zig:15   | Killed an ancient lich
205391 | Zig:15   | Got a bound granite ring
205392 | Zig:15   | Identified the ring "Poaxkoj" {rC+ Int+6 Stlth-} (You found it on level 15 of a ziggurat)
205395 | Zig:15   | Identified the +2 ring mail of Ru's Pride {Str-2 Int+5} (You found it on level 15 of a ziggurat)
205398 | Zig:16   | Entered Level 16 of a ziggurat
205418 | Zig:16   | Noticed a greater mummy
205420 | Zig:16   | Noticed a greater mummy
205421 | Zig:16   | Killed a greater mummy
205422 | Zig:16   | Killed a greater mummy
205801 | Zig:17   | Entered Level 17 of a ziggurat
205890 | Zig:17   | Identified the cursed +0 pair of boots of Jawnud {rElec rF+ Int+2 Stlth+} (You found it on level 17 of a ziggurat)
206036 | Zig:17   | Identified the Almanac of Dark Transformation
206044 | Zig:18   | Entered Level 18 of a ziggurat
206062 | Zig:18   | Noticed an ancient lich
206072 | Zig:18   | Killed an ancient lich
206097 | Zig:18   | Found the +11 plutonium sword {*Contam Stlth-}
206309 | Zig:19   | Entered Level 19 of a ziggurat
206482 | Zig:19   | Identified Fisism's Almanac of Evil Magic and Shape Shifting
206501 | Zig:19   | Identified the cursed ring "Vimash" {MR+ EV-2} (You found it on level 19 of a ziggurat)
206511 | Zig:20   | Entered Level 20 of a ziggurat
206523 | Zig:20   | Noticed a juggernaut
206531 | Zig:20   | Killed a juggernaut
206534 | Zig:20   | Noticed a juggernaut
206534 | Zig:20   | Noticed a juggernaut
206534 | Zig:20   | Noticed a juggernaut
206536 | Zig:20   | Noticed a juggernaut
206536 | Zig:20   | Noticed a juggernaut
206536 | Zig:20   | Noticed a juggernaut
206536 | Zig:20   | Noticed a juggernaut
206538 | Zig:20   | Killed a juggernaut
206538 | Zig:20   | Killed a juggernaut
206538 | Zig:20   | Killed a juggernaut
206539 | Zig:20   | Killed a juggernaut
206539 | Zig:20   | Killed a juggernaut
206539 | Zig:20   | Killed a juggernaut
206539 | Zig:20   | Reached skill level 15 in Armour
206540 | Zig:20   | Killed a juggernaut
206540 | Zig:20   | Reached skill level 26 in Spellcasting
206587 | Zig:20   | Found the +9 heavy crossbow "Sniper" {velocity, Acc+∞ SInv}
206723 | Zig:20   | Got a silken robe
206724 | Zig:20   | Identified the +2 robe "Siniuth" {*Contam rCorr Dex+6} (You found it on level 20 of a ziggurat)
206754 | Zig:21   | Entered Level 21 of a ziggurat
206764 | Zig:21   | Noticed a juggernaut
206765 | Zig:21   | Noticed a juggernaut
206774 | Zig:21   | Killed a juggernaut
206777 | Zig:21   | Noticed a juggernaut
206779 | Zig:21   | Reached skill level 1 in Throwing
206782 | Zig:21   | Killed a juggernaut
206799 | Zig:21   | Noticed a juggernaut
206814 | Zig:21   | Hit by a large rock thrown by a stone giant

Vault maps used:
D:1:      scummos_arrival_forest
D:2:      first_ration
D:3:      serial_glass, glass_columns_a, glass_columns_a, glass_columns_a,
          glass_columns_a, glass_columns_a, glass_columns_c, glass_columns_a,
          glass_columns_a
D:4:      serial_shops, shop, shop_statue
D:5:      temple_doors_e, portal_sewer_entry_b, hangedman_decor_points,
          uniq_grinder
D:6:      kennysheep_mini
D:9:      minmay_lair_entry_grove, orc_0_dummy, hangedman_pestilent_swarm
D:10:     serial_shops, kennysheep_little_box, minmay_ruffians
D:13:     grunt_vaults_entry_tiered, lemuel_oklob_altar
D:14:     basic_altar
D:15:     gammafunk_depths_entry_grave, serial_bayou_shore_b
Temple:   nicolae_temple_the_god_donut
Lair:1:   special_room, small_statue_intersection, serial_bayou_shore_b,
          grunt_megastairs_1, uniq_nergalle, uniq_sonja
Lair:2:   minmay_swamp_entry_worms, minivault_19
Lair:3:   hangedman_lair_unloving_vines, beast_lair_carwin_2
Lair:4:   spider_nest_entry_funnel_web, grunt_megastairs_2,
          infiniplex_staircase_pool
Lair:6:   wormcave, guppyfry_lair_end_dragon, minmay_slime_entry_oklob_open,
          minmay_stone_trees_small, grunt_megastairs_5, uniq_kirke, uniq_nessos,
          uniq_rupert
Swamp:1:  evilmike_swamp_ruin_house_5
Swamp:2:  hangedman_swamp_lotus, uniq_jorgrun
Swamp:3:  evilmike_swamp_ruin_house_6, swamp_pool3
Swamp:4:  swamp_basic_johnstein, swamp_pool1
Spider:1: spider_trap, hangedman_spider_tarantella_strand, uniq_aizul
Spider:2: nicolae_spider_cling_halls
Spider:4: grunt_spider_rune_circles
Slime:3:  cheibrodos_slime_lost_civilization_5, uniq_dissolution
Slime:4:  nicolae_slime_phagocytosis
Orc:1:    serial_shops, nicolae_shop_statue_plus, statue_in_the_mist_lemuel
Orc:2:    st_orc_rangers, serial_shops, shop
Elf:1:    eino_elf_arrival_customs, serial_shops, shop,
          kennysheep_underground_church, uniq_asterion
Elf:3:    grunt_elf_hall_branching, serial_shops, nicolae_shop_statue_plus
Vaults:1: vaults_mumra_lcd, nicolae_vaults_network_square, v_misc_16,
          kennysheep_vaults_gozag_temple, vaults_room_fours,
          nicolae_vaults_circle_grid_b, v_misc_14,
          nicolae_vaults_twisting_passages, vaults_room_fours, vaults_room_pool,
          nicolae_vaults_shelves_hall, ontoclasm_vaults_eye, v_misc_19,
          dpeg_vaults_monster_row
Vaults:2: st_quartered_hall, nicolae_vaults_network_quincunx,
          vaults_room_corners, v_alt_pattern_5, nicolae_vaults_yaktaur_gun_rack,
          nicolae_vaults_mini_display_case, grunt_vaults_hallway_short,
          ontoclasm_vaults_chip
Vaults:3: minmay_crypt_entry_nasty_monster, nicolae_vaults_stairing_the_circle,
          grunt_vaults_hallway_short, vaults_mumra_minichess_inversion,
          ontoclasm_vaults_shout, ontoclasm_vaults_ring_square,
          nicolae_vaults_arrows, grunt_vaults_focal, v_misc_5,
          ontoclasm_vaults_ligature, nicolae_vaults_windows_and_doors_thing,
          basic_altar
Vaults:4: v_misc_11, vaults_room_semicircle, nicolae_vaults_back_hallway,
          nicolae_vaults_know_your_exits, hangedman_vaults_corner_blocks,
          v_misc_13, v_misc_5, ontoclasm_vaults_loading_screen,
          hangedman_vaults_slice, v_misc_24, nicolae_vaults_little_squares_4,
          nicolae_vaults_rhombus_6, serial_shops, shop
Vaults:5: serial_shops
Crypt:1:  nicolae_crypt_cryptocurrency, nicolae_crypt_niches, uniq_saint_roka,
          uniq_margery, uniq_mara
Crypt:2:  uniq_boris, uniq_jory, uniq_khufu
Crypt:3:  grunt_crypt_end_deaths_head
Depths:1: serial_sigils, serial_sigils_hangedman_snap,
          serial_sigils_hangedman_snap, serial_sigils_hangedman_shear,
          serial_sigils_hangedman_leer, serial_sigils_hangedman_etch,
          serial_sigils_hangedman_gut, abyss_entry, hell_entry,
          rand_demon_pan_entry_5, tso_metal_star, serial_bayou_shore_b,
          serial_bayou_shore_b, uniq_sojobo
Depths:2: grunt_bent_corner, nicolae_trove_entry_crossroad, hell_entry,
          infiniplex_staircase_pillars_3b, minmay_shop_grove,
          kennysheep_random_hallway, serial_bayou_shore_b, uniq_nikola
Depths:3: evilmike_pillar_path, serial_hangedman_research,
          hangedman_research_electronics, hangedman_research_thermodynamics,
          hangedman_research_quantum, hangedman_research_probablistics,
          hangedman_research_thanatology, rand_demon_pan_entry_3,
          minmay_hedge_maze, hell_entry, uniq_mennas
Depths:4: dpeg_oklob_gauntlet, hangedman_coc_ice_floe, abyss_entry,
          mu_enter_wizlab_2, minmay_misc_feat_cross,
          minmay_staircase_windowed_large
Depths:5: evilmike_zot_entry_diamond, ziggurat_fallback, serial_shops,
          bzr_entry_safe, grunt_pan_entry_zigzag, hell_entry,
          hangedman_glass_teeth, hangedman_decor_lopped, uniq_enchantress
Zot:2:    grunt_zot_stairs_mandelzot
Zot:3:    infiniplex_zot_generator
Zot:5:    grunt_ministairs_8, st_stairs_2, lemuel_baited_zot_trap,
          nicolae_lava_and_water
Zig:3:    ziggurat_pillar_centre_c
Zig:5:    ziggurat_pillar_centre_dead_trees
Zig:8:    ziggurat_pillar_centre_smoke
Zig:15:   ziggurat_pillar_centre_oklobs
Zig:19:   ziggurat_pillar_centre_more_plants
Sewer:    sewer_kobolds
WizLab:   wizlab_lehudib

Skill      XL: |  1  2  3  4  5  6  7  8  9 10 11 12 13 14 15 16 17 18 19 20 21 22 23 24 25 26 27 |
---------------+----------------------------------------------------------------------------------+-----
Conjurations   | 1 2 3 4 6 7 8 9 10 11 12 13 14 15 16 17 18 19 23 | 23.1
Spellcasting   | 3 4 5 6 7 8 10 11 12 13 14 15 16 17 18 19 20 21 26 | 26.1
Fire Magic     | 3 4 5 6 8 9 10 11 12 13 14 16 17 18 19 20 23 | 23.0
Fighting       | 3 5 7 8 9 10 14 15 16 17 18 19 | 19.3
Earth Magic    | 3 5 9 10 11 | 11.4
Shields        | 3 4 7 10 14 | 14.0
Summonings     | 4 6 |  6.0
Armour         | 3 5 6 7 8 10 11 12 15 | 15.0
Evocations     | 4 5 6 14 | 14.1
Dodging        | 5 9 10 11 | 11.6
Throwing       | 2 |  2.4
Stealth        | |  1.5

Action                   |  1- 3 |  4- 6 |  7- 9 | 10-12 | 13-15 | 16-18 | 19-21 | 22-24 | 25-27 || total
-------------------------+-------+-------+-------+-------+-------+-------+-------+-------+-------++-------
Melee: Dagger            |    19 |     4 |       |       |       |       |       |       |       ||    23
       Spear             |       |     4 |    51 |    86 |       |       |       |       |       ||   141
       Hand axe          |       |       |       |    48 |    75 |    94 |     2 |       |       ||   219
       Staff             |       |       |       |       |    55 |    26 |    31 |    28 |    86 ||   226
       War axe           |       |       |       |       |       |       |     5 |     2 |       ||     7
 Cast: Flame Tongue      |    78 |   109 |   184 |   280 |    89 |    14 |     7 |       |       ||   761
       Conjure Flame     |     1 |     7 |    16 |    15 |    18 |     3 |       |       |       ||    60
       Sticky Flame      |       |     1 |    22 |   121 |   101 |   110 |    20 |     9 |       ||   384
       Fireball          |       |       |     8 |   108 |   261 |   517 |   370 |   251 |   283 ||  1798
       Bolt of Magma     |       |       |       |       |    28 |       |       |       |     4 ||    32
       Shroud of Golubri |       |       |       |       |    24 |    36 |    24 |    34 |    27 ||   145
       Iron Shot         |       |       |       |       |    36 |     2 |    43 |    87 |   141 ||   309
       Orb of Destructio |       |       |       |       |    57 |   100 |   251 |   215 |   774 ||  1397
       Spellforged Servi |       |       |       |       |       |       |    23 |    26 |    86 ||   135
       Apportation       |       |       |       |       |       |       |    33 |    60 |    26 ||   119
       Ignition          |       |       |       |       |       |       |    96 |   134 |   294 ||   524
       Summon Butterflie |       |       |       |       |       |       |       |     4 |     2 ||     6
       Blink             |       |       |       |       |       |       |       |     1 |     1 ||     2
       Fire Storm        |       |       |       |       |       |       |       |       |    89 ||    89
       Aura of Abjuratio |       |       |       |       |       |       |       |       |     9 ||     9
Invok: Call Merchant     |       |       |       |       |     3 |     2 |     2 |       |     2 ||     9
       Potion Petition   |       |       |       |       |     1 |       |     1 |       |     5 ||     7
       Bribe Branch      |       |       |       |       |       |       |       |       |     2 ||     2
 Abil: Stop Flying       |       |       |       |       |     1 |       |     2 |     1 |     2 ||     6
       Evoke Flight      |       |       |       |       |       |     1 |     2 |       |     2 ||     5
       Evoke Invisibilit |       |       |       |       |       |       |       |    14 |    12 ||    26
Evoke: Wand              |       |       |     2 |    10 |    17 |    15 |    12 |    10 |    17 ||    83
       Phial of floods   |       |       |       |       |       |       |     1 |     1 |     2 ||     4
       Lightning rod     |       |       |       |       |       |       |       |     2 |       ||     2
       Staff of energy   |       |       |       |       |       |       |       |     1 |    97 ||    98
       Phantom mirror    |       |       |       |       |       |       |       |       |     3 ||     3
       Fan of gales      |       |       |       |       |       |       |       |       |     1 ||     1
       Crystal ball of e |       |       |       |       |       |       |       |       |     1 ||     1
  Use: Scroll            |       |     4 |    11 |     7 |    26 |    15 |    18 |    11 |    68 ||   160
 Stab: Sleeping          |       |       |     1 |       |     1 |       |       |       |       ||     2
       Confused          |       |       |       |       |     1 |       |       |       |       ||     1
       Distracted        |       |       |       |       |       |       |     1 |     1 |     1 ||     3
Armor: Robe              |    17 |     2 |    19 |     7 |    36 |       |       |       |    23 ||   104
       Leather armour    |       |       |       |   124 |    55 |   103 |    90 |    85 |    35 ||   492
       Ring mail         |       |       |       |       |     4 |       |       |       |       ||     4
       Skin              |       |       |       |       |       |       |     3 |       |       ||     3
       Troll leather arm |       |       |       |       |       |       |       |       |   161 ||   161
Dodge: Dodged            |    45 |    25 |    52 |   178 |   204 |   193 |   139 |   147 |   488 ||  1471
Block: Buckler           |       |       |       |       |    68 |   111 |   112 |    86 |   307 ||   684
       Reflection        |       |       |       |       |       |       |       |       |     2 ||     2

Table legend:
 A = Spawn XP
 B = Non-spawn XP
 C = Spawn XP percentage of total XP
 D = Spawn monster count
 E = Non-spawn monster count
 F = Spawn count percentage of total count
 G = Total turns spent on level
                    A         B        C        D         E        F      G
               +---------+---------+-------+---------+---------+-------+---------
         Total |       0 | 2638805 |   0.0 |       0 |    3517 |   0.0 | 206814
               +---------+---------+-------+---------+---------+-------+---------
           D:1 |       0 |      38 |   0.0 |       0 |      22 |   0.0 |  1236
           D:2 |       0 |      63 |   0.0 |       0 |      24 |   0.0 |  2300
           D:3 |       0 |     548 |   0.0 |       0 |      35 |   0.0 |  1999
           D:4 |       0 |     172 |   0.0 |       0 |       9 |   0.0 |  1141
           D:5 |       0 |     894 |   0.0 |       0 |      28 |   0.0 |  1401
           D:6 |       0 |    1070 |   0.0 |       0 |      11 |   0.0 |  1113
           D:7 |       0 |     189 |   0.0 |       0 |       3 |   0.0 |   893
           D:8 |       0 |    1201 |   0.0 |       0 |      18 |   0.0 |  1573
           D:9 |       0 |    4365 |   0.0 |       0 |      35 |   0.0 |  4154
          D:10 |       0 |    4042 |   0.0 |       0 |      39 |   0.0 |  1330
          D:11 |       0 |    3096 |   0.0 |       0 |      19 |   0.0 |  1957
          D:12 |       0 |    4174 |   0.0 |       0 |      22 |   0.0 |  1623
          D:13 |       0 |   12974 |   0.0 |       0 |      45 |   0.0 |  4376
          D:14 |       0 |    3907 |   0.0 |       0 |      13 |   0.0 |  3321
          D:15 |       0 |   22132 |   0.0 |       0 |      51 |   0.0 |  3040
        Lair:1 |       0 |    7020 |   0.0 |       0 |      43 |   0.0 |  2273
        Lair:2 |       0 |    5768 |   0.0 |       0 |      21 |   0.0 |  2914
        Lair:3 |       0 |    2855 |   0.0 |       0 |      14 |   0.0 |  1553
        Lair:4 |       0 |    5660 |   0.0 |       0 |      15 |   0.0 |  2266
        Lair:5 |       0 |    5085 |   0.0 |       0 |      23 |   0.0 |  3099
        Lair:6 |       0 |   34751 |   0.0 |       0 |      91 |   0.0 |  6322
       Swamp:1 |       0 |   12555 |   0.0 |       0 |      39 |   0.0 |  3147
       Swamp:2 |       0 |   16965 |   0.0 |       0 |      38 |   0.0 |  2997
       Swamp:3 |       0 |   13231 |   0.0 |       0 |      45 |   0.0 |  4015
       Swamp:4 |       0 |   27377 |   0.0 |       0 |      60 |   0.0 |  4113
      Spider:1 |       0 |   13982 |   0.0 |       0 |      50 |   0.0 |  1295
      Spider:2 |       0 |   10681 |   0.0 |       0 |      29 |   0.0 |  2566
      Spider:3 |       0 |   17870 |   0.0 |       0 |      56 |   0.0 |  5150
      Spider:4 |       0 |   41173 |   0.0 |       0 |      86 |   0.0 |  2126
       Slime:1 |       0 |   30667 |   0.0 |       0 |      34 |   0.0 |  4049
       Slime:2 |       0 |   37520 |   0.0 |       0 |      53 |   0.0 |  2102
       Slime:3 |       0 |   15284 |   0.0 |       0 |      33 |   0.0 |  1940
       Slime:4 |       0 |   17811 |   0.0 |       0 |      29 |   0.0 |  4330
       Slime:5 |       0 |   68495 |   0.0 |       0 |      45 |   0.0 |  1649
         Orc:1 |       0 |    5748 |   0.0 |       0 |      45 |   0.0 |  3829
         Orc:2 |       0 |    6095 |   0.0 |       0 |      45 |   0.0 |  1882
         Elf:1 |       0 |   32883 |   0.0 |       0 |      54 |   0.0 |  5824
         Elf:2 |       0 |   25575 |   0.0 |       0 |      40 |   0.0 |  4231
         Elf:3 |       0 |   68902 |   0.0 |       0 |      59 |   0.0 |  3797
      Vaults:1 |       0 |   69901 |   0.0 |       0 |     116 |   0.0 |  5322
      Vaults:2 |       0 |   42048 |   0.0 |       0 |      64 |   0.0 |  4554
      Vaults:3 |       0 |   71572 |   0.0 |       0 |     125 |   0.0 |  8437
      Vaults:4 |       0 |   67905 |   0.0 |       0 |      90 |   0.0 | 10231
      Vaults:5 |       0 |  146693 |   0.0 |       0 |     128 |   0.0 |  2822
       Crypt:1 |       0 |   42267 |   0.0 |       0 |      41 |   0.0 |  2295
       Crypt:2 |       0 |   34048 |   0.0 |       0 |      32 |   0.0 |  2250
       Crypt:3 |       0 |   74214 |   0.0 |       0 |     119 |   0.0 |  4043
        Tomb:1 |       0 |   67589 |   0.0 |       0 |      63 |   0.0 |  4386
        Tomb:2 |       0 |   34970 |   0.0 |       0 |      47 |   0.0 |  1283
        Tomb:3 |       0 |   62541 |   0.0 |       0 |      74 |   0.0 |  1047
      Depths:1 |       0 |   45424 |   0.0 |       0 |      60 |   0.0 |  6233
      Depths:2 |       0 |  139034 |   0.0 |       0 |     136 |   0.0 |  7846
      Depths:3 |       0 |  103683 |   0.0 |       0 |     127 |   0.0 |  3741
      Depths:4 |       0 |   44803 |   0.0 |       0 |      52 |   0.0 |  4453
      Depths:5 |       0 |   79372 |   0.0 |       0 |      90 |   0.0 |  3145
         Zot:1 |       0 |   20287 |   0.0 |       0 |      12 |   0.0 |  1209
         Zot:2 |       0 |   86512 |   0.0 |       0 |      44 |   0.0 |  5536
         Zot:3 |       0 |  105531 |   0.0 |       0 |      78 |   0.0 |  3821
         Zot:4 |       0 |   48918 |   0.0 |       0 |      30 |   0.0 |  4359
         Zot:5 |       0 |  107048 |   0.0 |       0 |      36 |   0.0 |  1792
         Zig:1 |       0 |     988 |   0.0 |       0 |       2 |   0.0 |    33
         Zig:2 |       0 |    2994 |   0.0 |       0 |       2 |   0.0 |    23
         Zig:3 |       0 |    3776 |   0.0 |       0 |       4 |   0.0 |    41
         Zig:4 |       0 |    4997 |   0.0 |       0 |       6 |   0.0 |    60
         Zig:5 |       0 |    5531 |   0.0 |       0 |      10 |   0.0 |   140
         Zig:6 |       0 |   13731 |   0.0 |       0 |       7 |   0.0 |   281
         Zig:7 |       0 |    6317 |   0.0 |       0 |      11 |   0.0 |    95
         Zig:8 |       0 |    9610 |   0.0 |       0 |      14 |   0.0 |   229
         Zig:9 |       0 |   18049 |   0.0 |       0 |      15 |   0.0 |   423
        Zig:10 |       0 |   17192 |   0.0 |       0 |      14 |   0.0 |   103
        Zig:11 |       0 |   32930 |   0.0 |       0 |      24 |   0.0 |   469
        Zig:12 |       0 |   12502 |   0.0 |       0 |      27 |   0.0 |   131
        Zig:13 |       0 |   44218 |   0.0 |       0 |      18 |   0.0 |   277
        Zig:14 |       0 |   23261 |   0.0 |       0 |      46 |   0.0 |   146
        Zig:15 |       0 |   50260 |   0.0 |       0 |      32 |   0.0 |   470
        Zig:16 |       0 |   29316 |   0.0 |       0 |      47 |   0.0 |   403
        Zig:17 |       0 |   36732 |   0.0 |       0 |      36 |   0.0 |   243
        Zig:18 |       0 |   53388 |   0.0 |       0 |      35 |   0.0 |   265
        Zig:19 |       0 |   30865 |   0.0 |       0 |      55 |   0.0 |   202
        Zig:20 |       0 |   77508 |   0.0 |       0 |      55 |   0.0 |   243
        Zig:21 |       0 |   25561 |   0.0 |       0 |      10 |   0.0 |    60
         Sewer |       0 |     110 |   0.0 |       0 |       9 |   0.0 |   396
        WizLab |       0 |   61791 |   0.0 |       0 |      53 |   0.0 |  4202
               +---------+---------+-------+---------+---------+-------+---------
